Map: Lerilak Crest

Players

Tygo - Winner!

  • Race: Terran Terran
  • League: Diamond

PerseVerAnce

  • Race: Terran Terran
  • League: Diamond

VOD

Have the link to the VOD?

Description

With the 1 base Reaper Hellion aggression build, my opponents sometimes holds it off with minimal loss. When this happens, is the game essentially lost? I feel this build is very coin flippy sometimes. I either win instantly or I do no damage and I'm so behind that I don't see how I can come back. What do I do in this case?

Time

  • Played on: March 7, 2016, 1:06 a.m.
  • Length: 14:32
Show
View Real Time Build Order
Export as new Build Order

Tygo Terran - Winner!

Build Orders: MMM Bio 

Get SALT Encoding   

  12  0:00  SCV  
  13  0:13  SCV  
  14  0:17  Supply Depot  
  14  0:25  SCV  
  15  0:38  SCV  
  15  0:41  Barracks  
  16  0:46  Refinery  
  16  0:51  SCV  
  17  1:03  SCV  
  18  1:15  SCV  
  19  1:27  Orbital Command  
  19  1:34  Barracks Reactor  
  19  1:45  Command Center  
  20  1:54  SCV  
  20  2:04  Supply Depot  
  20  2:10  Marine x2  
  20  2:14  Factory  
  22  2:16  SCV  
  23  2:28  Marine x2  
  26  2:30  SCV  
  26  2:36  Refinery  
  26  2:42  SCV  
  27  2:52  Marine x2  
  27  2:54  SCV  
  30  2:59  Starport  
  30  3:00  Orbital Command  
  30  3:06  SCV  
  30  3:11  Factory Tech Lab  
  31  3:15  Marine x2  
  31  3:18  SCV  
  34  3:26  SCV  
  35  3:30  SCV  
  35  3:34  Cyclone  
  39  3:39  SCV  
  40  3:42  SCV  
  40  3:47  Medivac  
  42  3:51  SCV  
  42  3:54  SCV  
  44  3:55  Engineering Bay  
  44  3:57  Marine x2  
  46  4:09  Barracks  
  46  4:13  Barracks  
  46  4:21  Supply Depot  
  46  4:22  Supply Depot  
  46  4:27  Missile Turret  
  46  4:30  Missile Turret  
  46  4:34  Starport Reactor  
  46  4:42  Marine  
  46  4:43  SCV x2  
  52  4:45  Siege Tank  
  52  4:49  Marine  
  53  4:55  SCV x2  
  55  5:05  Barracks Reactor x2  
  55  5:06  Supply Depot  
  55  5:07  SCV x2, Barracks Tech Lab  
  55  5:08  Barracks Tech Lab  
  57  5:15  Marine  
  57  5:16  Marine  
  57  5:19  SCV x2  
  61  5:26  Command Center  
  61  5:27  Siege Tank  
  64  5:30  Combat Shields, Stimpack  
  64  5:33  SCV  
  65  5:38  Marine x2, Refinery  
  65  5:41  SCV  
  68  5:44  Marine x2  
  70  5:57  Supply Depot x2  
  70  6:07  Barracks  
  70  6:09  Barracks  
  70  6:11  Barracks  
  70  6:16  Terran Infantry Armor Level 1  
  70  6:19  SCV x2, Siege Tank  
  70  6:22  Supply Depot  
  70  6:23  Marine  
  70  6:24  Supply Depot  
  76  6:27  Medivac  
  76  6:31  SCV  
  79  6:33  Refinery  
  79  6:35  SCV  
  80  6:40  Marine x2  
  80  6:43  SCV  
  83  6:49  SCV  
  83  6:51  Siege Tank  
  87  6:58  Sensor Tower, SCV  
  87  6:59  Barracks Reactor  
  87  7:01  Barracks Reactor, SCV, Marine  
  89  7:02  Marine x2  
  92  7:10  SCV, Orbital Command  
  92  7:13  SCV  
  94  7:15  Marine  
  94  7:22  SCV  
  96  7:39  SCV x2  
  96  7:42  SCV  
  96  7:43  Barracks Reactor, Marine x2  
  96  7:44  Marine x5  
  102  7:45  Siege Tank  
  102  7:49  Medivac x2  
  114  7:51  SCV  
  114  7:57  Supply Depot  
  114  7:58  Supply Depot x2  
  114  8:00  Supply Depot  
  114  8:01  Supply Depot  
  111  8:11  Marine x5  
  111  8:12  Marine  
  116  8:24  Marine x3  
  116  8:26  Medivac x2  
  123  8:35  Terran Infantry Weapons Level 1  
  123  8:38  Engineering Bay  
  123  8:39  Armory  
  123  8:40  SCV x3  
  126  8:42  Marine x3  
  126  8:43  Marine x3  
  132  8:51  Missile Turret x3  
  132  8:52  SCV  
  132  8:53  Missile Turret  
  133  8:56  Missile Turret  
  133  8:58  Missile Turret  
  133  9:00  Missile Turret  
  133  9:13  Marine x7  
  133  9:14  Marine x2  
  142  9:19  Sensor Tower  
  142  9:23  Refinery x2  
  142  9:25  Factory  
  142  9:29  Barracks  
  142  9:30  Barracks  
  142  9:31  Terran Infantry Armor Level 2  
  142  9:41  Marine x5  
  142  9:42  Marine x2  
  142  9:43  Marine  
  150  10:12  Marine x4  
  150  10:13  Marine x4  
  157  10:18  Factory Tech Lab  
  157  10:23  Marine  
  157  10:48  Terran Infantry Weapons Level 2  
  157  10:49  Marine x2, Siege Tank x2  
  165  10:52  Command Center  
  165  10:55  Marine  
  165  10:56  Marine x5  
  171  11:12  Marine x3  
  171  11:15  Medivac x2  
  178  11:19  Terran Vehicle Weapons Level 1  
  178  11:21  Siege Tank  
  180  11:48  Siege Tank  
  181  12:19  Siege Tank  
  181  12:20  Siege Tank  
  187  12:22  Marine  
  187  12:23  Marine x8  
  196  12:35  Marine  
  195  12:51  Siege Tank  
  144  13:22  Orbital Command  
  141  13:30  Marine x7  
  141  13:31  Marine  
  125  13:46  Marine x2  
  125  13:47  Marine, Siege Tank x2  
  125  13:48  Marine x2  
  133  14:02  Marine x5  
Show
View Real Time Build Order
Export as new Build Order

PerseVerAnce Terran 

Build Orders: Bio Tank 

Get SALT Encoding   

  12  0:00  SCV  
  13  0:13  SCV  
  14  0:17  Supply Depot  
  14  0:25  SCV  
  15  0:30  Refinery  
  15  0:39  SCV  
  16  0:45  Barracks  
  16  0:51  SCV  
  17  1:03  SCV  
  18  1:04  Refinery  
  18  1:15  SCV  
  19  1:27  SCV  
  20  1:35  Reaper  
  22  1:40  Factory  
  22  1:43  Orbital Command  
  21  1:54  Supply Depot  
  21  2:12  Reaper  
  21  2:15  SCV  
  23  2:18  Supply Depot  
  22  2:24  Hellion  
  22  2:27  SCV  
  25  2:42  Starport  
  25  2:45  Reaper  
  26  2:51  Hellion  
  26  2:53  SCV  
  29  3:05  SCV  
  29  3:17  Factory Tech Lab  
  29  3:18  Starport Tech Lab  
  29  3:19  Barracks Reactor  
  29  3:28  SCV  
  29  3:30  Command Center  
  27  3:49  SCV  
  27  3:54  Marine  
  27  3:55  Marine  
  30  4:03  Siege Tank  
  33  4:12  Viking  
  33  4:13  Marine x2  
  34  4:20  SCV  
  35  4:30  Engineering Bay  
  35  4:33  Marine x2  
  37  4:41  Supply Depot  
  37  4:42  Siege Tank  
  40  4:48  Barracks  
  40  4:50  SCV  
  40  4:52  Starport Reactor  
  41  4:57  Marine x2  
  43  5:02  SCV  
  44  5:07  Supply Depot  
  45  5:14  SCV  
  45  5:15  Siege Tank  
  48  5:23  Orbital Command  
  48  5:26  SCV  
  48  5:28  Terran Infantry Weapons Level 1  
  49  5:30  Marine  
  49  5:31  Marine  
  51  5:37  Stimpack  
  51  5:38  SCV  
  52  5:49  Medivac x2  
  56  5:52  SCV  
  56  5:54  SCV  
  58  6:02  Barracks  
  58  6:03  Marine  
  59  6:04  SCV  
  59  6:05  Marine  
  59  6:06  SCV  
  59  6:09  Marine  
  63  6:16  SCV  
  63  6:17  Supply Depot  
  64  6:19  Siege Tank  
  64  6:22  Medivac  
  69  6:28  SCV  
  69  6:30  Refinery  
  70  6:39  Medivac, Marine x3, SCV  
  76  6:42  Supply Depot  
  76  6:49  Barracks Reactor  
  76  6:51  Engineering Bay  
  76  6:52  SCV x2  
  78  7:04  Marine x3, Siege Tank, SCV  
  78  7:05  SCV  
  78  7:07  Supply Depot  
  86  7:26  Supply Depot  
  86  7:28  Marine x5  
  86  7:29  Medivac  
  93  7:35  Medivac  
  93  7:48  Marine x4  
  93  7:49  Marine  
  93  7:51  Combat Shields  
  98  7:56  SCV x2  
  98  7:57  Barracks  
  98  7:58  Medivac, Terran Infantry Armor Level 1  
  100  7:59  Barracks  
  100  8:02  Refinery  
  102  8:16  Marine x5  
  102  8:19  Supply Depot  
  107  8:22  Supply Depot  
  107  8:30  Siege Tank  
  110  8:40  Marine x5  
  115  8:45  Marine  
  115  8:48  SCV x2  
  118  9:02  Siege Tank  
  121  9:04  Marine x2  
  121  9:05  Marine x2  
  121  9:07  Command Center  
  124  9:13  Marine  
  124  9:15  Barracks Reactor  
  124  9:16  Barracks Reactor  
  123  9:22  Marine x2  
  125  9:31  Marine  
  126  9:52  Supply Depot  
  126  9:53  Marine x4, SCV x2  
  126  9:56  Marine x2  
  134  10:04  Marine  
  134  10:05  Medivac, Siege Tank, Marine  
  134  10:06  Medivac  
  132  10:17  SCV x2  
  128  10:31  SCV  
  128  10:33  SCV  
  130  10:42  Marine  
  130  10:43  Marine x7, SCV  
  130  10:44  Marine  
  134  10:59  Medivac, Siege Tank  
  134  11:00  Medivac, Marine  
  134  11:02  Orbital Command  
  134  11:04  SCV x2, Marine x3  
  144  11:05  Marine  
  144  11:07  Command Center  
  148  11:28  SCV x2  
  148  11:29  Marine x7  
  157  11:34  Supply Depot  
  157  11:35  Medivac, Marine  
  157  11:36  Supply Depot  
  157  11:42  Marine  
  157  11:46  Marine  
  157  11:47  Marine  
  149  11:52  Marine x4  
  149  11:53  Marine  
  142  11:59  Marine  
  142  12:00  Marine  
  144  12:02  SCV x2  
  146  12:10  Marine x4  
  146  12:11  Marine  
  151  12:27  Marine x2  
  151  12:28  Marine  
  154  12:30  Marine x4  
  154  12:31  Marine  
  154  12:32  SCV x2  
  161  12:44  Marine  
  161  12:45  Marine, Siege Tank  
  141  13:00  Marine x4  
  141  13:02  Marine  
  141  13:03  Marine x4  
  141  13:07  Medivac  
  119  13:18  Marine  
  93  13:21  Marine x5  
  93  13:22  Marine x3  
  66  13:35  Marine  
  53  13:42  Marine  
Tags
 
Add a new tag
Caveats
  • Supply blocks, unpowered buildings, or Contaminate may cause inaccurate times.
  • Supply counts are checked every 10 seconds.